 Dungeon Crawl Stone Soup version 0.17-a0-1900-g45e8110 (webtiles) character file.

4436 Ijustatesigmund the Slinger (level 10, -4/60 HPs)
             Began as a Halfling Hunter on Sept 24, 2015.
             Killed from afar by Erica (17 damage)
             ... with a bolt of poison
             ... on level 9 of the Dungeon.
             The game lasted 00:24:47 (8153 turns).

Ijustatesigmund the Slinger (Halfling Hunter)       Turns: 8153, Time: 00:24:48

Health: -4/60      AC:  6    Str: 12    XL:     10   Next: 63%
Magic:  10/10      EV: 23    Int: 10    God:
Gold:   365        SH:  0    Dex: 19    Spells: 0 memorised, 9 levels left

rFire  . . .     SeeInvis .     c - +0 short sword
rCold  . . .     Clarity  .     d - +0 leather armour
rNeg   . . .     SustAt   .     (shield restricted)
rPois  .         Gourm    .     (helmet restricted)
rElec  .         Spirit   .     A - +0 cloak
rCorr  .         Warding  .     o - +0 pair of gloves
rMut   .         Stasis   .     k - +0 pair of boots
MR     .....                    (no amulet)
Stlth  ++++......               (no ring)
                                (no ring)

@: lethally poisoned (-4 -> -12), not resistant to hostile enchantments,
stealthy
A: horns 1, mutation resistance 1
a: no special abilities


You were on level 9 of the Dungeon.
You were not hungry.

You visited 1 branch of the dungeon, and saw 9 of its levels.

You collected 365 gold pieces.

Inventory:

Hand weapons
 a - a +3 hunting sling
 c - a +0 short sword (weapon)
Armour
 d - a +0 leather armour (worn)
 k - a +0 pair of boots (worn)
 o - a +0 pair of gloves (worn)
 A - a +0 cloak (worn)
Jewellery
 w - an uncursed amulet of rage {unknown}
 E - an uncursed ring of teleportation
Magical devices
 i - a wand of teleportation (6)
 y - a wand of slowing (22)
Scrolls
 g - a scroll of teleportation
 l - a scroll of blinking
 m - a scroll of recharging {unknown}
 q - 2 scrolls of fear
 r - a scroll of amnesia
 z - 2 scrolls of identify
 B - a scroll of enchant weapon
 F - a scroll of silence {unknown}
 I - 3 scrolls of magic mapping {unknown}
 J - a scroll of enchant armour {unknown}
Potions
 b - a potion of brilliance
 h - a potion of agility
 j - a potion of mutation
 n - 2 potions of resistance
 s - 2 potions of flight
 t - 2 potions of magic
 v - a potion of lignification
 D - 3 potions of poison {unknown}
 G - a potion of haste {unknown}
Books
 H - a book of Flames

   Spells                             Type                      Level
   a - Flame Tongue                   Conjuration/Fire             1
   b - Throw Flame                    Conjuration/Fire             2
   c - Conjure Flame                  Conjuration/Fire             3
   d - Inner Flame                    Hexes/Fire                   3
   e - Sticky Flame                   Conjuration/Fire             4
   f - Fireball                       Conjuration/Fire             5
Comestibles
 e - 3 bread rations
 p - 3 meat rations
 u - a slice of pizza


   Skills:
 - Level 1.7 Fighting
 - Level 7.2 Short Blades
 - Level 11.6 Slings
 + Level 10.6 Dodging
 - Level 8.0 Stealth


You had 9 spell levels left.
You didn't know any spells.

Dungeon Overview and Level Annotations

Branches:
Dungeon (9/15)             Temple (0/1) D:4            Lair (0/8) D:9
    Orc: D:9-12

Altars:
Ashenzari
Fedhas
Okawaru
Sif Muna
Vehumet
Xom
Zin

Annotations:
D:9 Erica


Innate Abilities, Weirdness & Mutations

You are small and have problems with some larger weapons.
You are somewhat resistant to further mutation.
You have a pair of small horns on your head.


Message History

The quasit misses you. Something hits you.
* * * LOW HITPOINT WARNING * * *
Something burns you.
* * * LOW HITPOINT WARNING * * *
Unknown command.
Unknown command.
Unknown command.
Unknown command.
The bat hits the plant but does no damage. x2
The bat barely misses you.
The bat hits the plant but does no damage.
The crimson imp misses you. The quasit closely misses you.
The quasit misses you. x2
You closely miss the quasit.
The bat hits the fungus but does no damage. x2
You hear some strange, mumbled words.
A bolt of poison appears from out of thin air!
The bolt of poison hits the quasit.
The bolt of poison hits you!
You are poisoned.
You die... ..PPP.P.PPP P.P.PPPP...# >PPP.PPP..P## #(.# .P.....P.PP. #..# P.PP.PPP.PPPPPP..

!..# .P..P.PP.P.bPPP.... #..#
..P..P.PP.PPPP....P #(.######
......P.PPPPP..P5# #(..5....
....P...P......b@########(.......
.....#....(P....5...(....{.......
#..###...........(.....5.......
#.......(.......(..............
#..............................
#..#####.......................
#..# #.......................
#..# #.....†.................
#..# #.....<(................


You could see a quasit, a crimson imp and 2 bats.

Vanquished Creatures
  Sigmund (D:4)
  A hippogriff (D:8)
  A deep elf mage (D:6)
  A hungry ghost (D:7)
  5 wargs
  8 ogres
  3 phantoms
  3 orc warriors
  3 ice beasts
  A sky beast (D:8)
  2 black bears (D:6)
  3 centaurs
  The ghost of kae the Firebug, an average TeFE (D:3)
  A giant frog (D:8)
  2 crimson imps
  2 orc wizards (D:6)
  3 jellies
  5 giant frog skeletons
  7 orc priests
  4 hounds
  An iguana (D:4)
  7 worker ants
  A hound zombie (D:8)
  10 adders
  4 gnolls (D:3)
  An ooze (D:3)
  2 adder skeletons
  A worm (D:2)
  2 giant geckos
  29 orcs
  9 hobgoblins
  6 jackals
  A ball python (D:2)
  6 bats
  5 giant cockroaches
  A giant cockroach zombie (D:6)
  A giant gecko skeleton (D:7)
  A giant gecko zombie (D:5)
  4 giant newts
  6 goblins
  8 kobolds
  3 quokkas
  12 rats
  A fungus (D:9)
179 creatures vanquished.

Vanquished Creatures (others)
  A fungus (D:9)
1 creature vanquished.

Grand Total: 180 creatures vanquished

Notes
Turn   | Place    | Note
--------------------------------------------------------------
     0 | D:1      | Ijustatesigmund the Halfling Hunter began the quest for the Orb.
     0 | D:1      | Reached XP level 1. HP: 14/14 MP: 1/1
    29 | D:1      | Reached skill level 6 in Slings
    95 | D:1      | Reached XP level 2. HP: 17/19 MP: 2/2
   537 | D:1      | Reached XP level 3. HP: 24/24 MP: 3/3
   913 | D:2      | Reached skill level 7 in Slings
  1446 | D:3      | Reached XP level 4. HP: 29/29 MP: 4/4
  1487 | D:3      | Noticed kae's ghost (average TeFE)
  1503 | D:3      | Killed kae's ghost
  1503 | D:3      | Reached skill level 8 in Slings
  1503 | D:3      | Reached XP level 5. HP: 15/34 MP: 5/5
  1959 | D:3      | Reached XP level 6. HP: 37/39 MP: 6/6
  2265 | D:3      | Reached skill level 9 in Slings
  2408 | D:4      | Found a staircase to the Ecumenical Temple.
  2412 | D:4      | Noticed Sigmund
  2429 | D:4      | Gained mutation: You have a pair of small horns on your head. [potion of beneficial mutation]
  2496 | D:4      | Reached skill level 1 in Short Blades
  2748 | D:4      | Killed Sigmund
  2748 | D:4      | Reached XP level 7. HP: 37/44 MP: 7/7
  2765 | D:4      | Reached skill level 10 in Slings
  2765 | D:4      | Reached skill level 5 in Stealth
  3055 | D:4      | Reached XP level 8. HP: 49/49 MP: 8/8
  3180 | D:4      | Found a radiant altar of Vehumet.
  3186 | D:4      | Found a shimmering altar of Xom.
  3396 | D:5      | Entered Level 5 of the Dungeon
  3456 | D:5      | Reached skill level 5 in Short Blades
  3974 | D:5      | Found a radiant altar of Vehumet.
  4161 | D:6      | Reached skill level 11 in Slings
  4615 | D:6      | Reached XP level 9. HP: 46/54 MP: 9/9
  4722 | D:6      | Found a blossoming altar of Fedhas.
  5508 | D:7      | Reached skill level 5 in Dodging
  5695 | D:7      | Found a glowing silver altar of Zin.
  6207 | D:8      | Reached XP level 10. HP: 60/60 MP: 10/10
  6232 | D:8      | Found a deep blue altar of Sif Muna.
  6273 | D:8      | Found a glowing silver altar of Zin.
  6748 | D:8      | Noticed an orc warlord
  6755 | D:8      | Noticed an orc knight
  6833 | D:8      | Found an iron altar of Okawaru.
  6840 | D:8      | Found a shattered altar of Ashenzari.
  6977 | D:8      | Reached skill level 10 in Dodging
  7102 | D:8      | Noticed an orc knight
  7566 | D:9      | Noticed Erica
  8144 | D:9      | Found a staircase to the Lair.
  8153 | D:9      | Killed from afar by Erica

Vault maps used:
D:1:      saegor_arrival_simple_e, minmay_surrounded
D:3:      first_bread, cheibrodos_gnoll_hut
D:4:      amethyst_overflow_temple_binary, minmay_temple_entry_grid,
          uniq_sigmund
D:5:      basic_altar, kennysheep_small_circle
D:6:      old_standard_altar, hex_tiny
D:7:      nicolae_overflow_crystal_walls
D:8:      lemuel_castle_with_subvaults, lemuel_crystal_altar,
          old_standard_altar, okawaru_ov_weapons_minmay, basic_altar
D:9:      due_lair_maze_entry_diamond, uniq_erica

Action                   |  1- 3 |  4- 6 |  7- 9 | 10-12 || total
-------------------------+-------+-------+-------+-------++-------
Melee: Short sword       |       |       |       |    38 ||    38
 Fire: Hunting sling     |    92 |   151 |   432 |   334 ||  1009
  Use: Scroll            |       |    14 |     5 |     5 ||    24
       Potion            |       |     4 |     2 |     5 ||    11
  Eat: Chunk             |       |     5 |     6 |       ||    11
       Fruit             |       |       |     3 |       ||     3
       Bread ration      |       |       |     1 |       ||     1
       Beef jerky        |       |       |     1 |       ||     1
       Royal jelly       |       |       |       |     2 ||     2
